 Seeded DCSS version 0.30.1-4-g462c640d31 (webtiles) character file.

Game seed: 6351066067085065685 (custom seed)

131 Esekla the Magician (level 4, -1/23 (24) HPs)
             Began as a Deep Elf Wanderer on Sept 10, 2023.
             Was a Follower of Vehumet.
             Slain by an iguana (3 damage)
             ... on level 2 of the Dungeon.
             The game lasted 00:18:14 (2515 turns).

Esekla the Magician (Deep Elf Wanderer)             Turns: 2515, Time: 00:18:14

HP:   -1/23 (24)    AC:  3    Str: 11    XL:     4   Next: 91%
MP:   0/13          EV: 11    Int: 20    God:    Vehumet [*.....]
Gold: 180           SH:  3    Dex: 11    Spells: 3/14 levels left

rFire   . . .        a - +1 short sword (freeze)
rCold   . . .        d - +0 buckler
rNeg    . . .        c - +0 robe
rPois   .            (no helmet)
rElec   .            (no cloak)
rCorr   .            j - +0 pair of gloves
SInv    .            (no boots)
Will    .....        (no amulet)
Stlth   ++           (no ring)
HPRegen 0.23/turn    (no ring)
MPRegen 0.13/turn

%: no passive effects
@: very slightly contaminated, lightly drained
A: no striking features
a: Renounce Religion


You were on level 2 of the Dungeon.
You worshipped Vehumet.
Vehumet was aware of your devotion.
You visited 1 branch of the dungeon, and saw 4 of its levels.

You collected 180 gold pieces.

Inventory:

Hand Weapons
 a - a +1 short sword of freezing (weapon)
 r - a +0 spear
 s - the +5 rapier of the Hero {heavy, rN+ Dex+3}
   (You found it on level 3 of the Dungeon)

   Dex:       It affects your dexterity (+3).
   rN:        It protects you from negative energy.
Missiles
 w - 3 poisoned darts (quivered)
Armour
 c - a +0 robe (worn)
 d - a +0 buckler (worn)
 j - a +0 pair of gloves (worn)
 k - a +0 helmet
Wands
 o - a wand of roots (9)
Scrolls
 g - 3 scrolls of identify {unknown}
 m - a scroll of enchant armour {unknown}
 p - a scroll of blinking {unknown}
 q - a scroll of immolation {unknown}
 t - a scroll of fog {unknown}
 v - a scroll of amnesia {unknown}
Potions
 b - a potion of lignification
 e - a potion of ambrosia {unknown}
 f - 2 potions of curing {unknown}
 h - a potion of heal wounds {unknown}
 i - 2 potions of attraction {unknown}
 l - a potion of mutation {unknown}
 n - a potion of haste {unknown}
 u - 2 potions of brilliance {unknown}


   Skills:
 + Level 0.7 Short Blades
 * Level 1.5 Dodging
 + Level 1.8 Stealth
 + Level 1.5 Shields
 * Level 5.8 Spellcasting
 + Level 1.7 Conjurations
 * Level 1.6 Necromancy
 + Level 2.8 Translocations
 + Level 1.0 Invocations


You had 3 spell levels left.
You knew the following spells:

 Your Spells              Type           Power      Damage    Failure   Level
a - Magic Dart            Conj           48%        1d5       8%          1
b - Blink                 Tloc           34%        N/A       8%          2
c - Freeze                Ice            20%        1d4       16%         1
d - Vampiric Draining     Necr           12%        2d6       24%         3
p - Apportation           Tloc           34%        N/A       4%          1
t - Teleport Other        Tloc           17%        N/A       14%         3

Your spell library contained the following spells:

 Spells                   Type           Power      Damage    Failure   Level
 Lesser Beckoning         Tloc           34%        N/A       8%          2
 Gell's Gravitas          Tloc           17%        N/A       14%         3
 Ignite Poison            Fire/Tmut/Pois 5%         N/A       43%         3


Dungeon Overview and Level Annotations

Branches:
Dungeon (4/15)
 Temple: D:4-7

Altars:
Hepliaklqana
Okawaru
Qazlal
Trog
Vehumet
Zin

Shops:
D:2 =


Message History

The spell is extremely dangerous to miscast (24% risk of failure)!
Continue anyway?
Aiming: Vampiric Draining (extremely dangerous; 24% risk of failure)
Press: ? - help, Shift-Dir - straight line, f - iguana
Aim: an iguana You draw life force from the iguana!
You feel life coursing into your body. The iguana bites you.
Casting: Vampiric Draining (extremely dangerous; 24% risk of failure)
Confirm with . or Enter, or press ? or * to list all spells.
The spell is extremely dangerous to miscast (24% risk of failure)!
Continue anyway?
Aiming: Vampiric Draining (extremely dangerous; 24% risk of failure)
Press: ? - help, Shift-Dir - straight line, f/p - iguana
Aim: an iguana (severely wounded)
You miscast Vampiric Draining.
You are very lightly contaminated with residual magic.
Nothing appears to happen.
The iguana hisses menacingly.
The iguana bites you!
Casting: Vampiric Draining (extremely dangerous; 24% risk of failure)
Confirm with . or Enter, or press ? or * to list all spells.
The spell is extremely dangerous to miscast (24% risk of failure)!
Continue anyway?
Aiming: Vampiric Draining (extremely dangerous; 24% risk of failure)
Press: ? - help, Shift-Dir - straight line, f/p - iguana
Aim: an iguana (severely wounded)
You miscast Vampiric Draining.
Nothing appears to happen.
The iguana bites you.
Casting: Vampiric Draining (extremely dangerous; 24% risk of failure)
Confirm with . or Enter, or press ? or * to list all spells.
The spell is extremely dangerous to miscast (24% risk of failure)!
Continue anyway?
Aiming: Vampiric Draining (extremely dangerous; 24% risk of failure)
Press: ? - help, Shift-Dir - straight line, f/p - iguana
Aim: an iguana (severely wounded)
You draw life force from the iguana.
You feel life coursing into your body. The iguana bites you!
* * * LOW HITPOINT WARNING * * *
Casting: Vampiric Draining (extremely dangerous; 24% risk of failure)
Confirm with . or Enter, or press ? or * to list all spells.
Aiming: Magic Dart (safe; 8% risk of failure)
Press: ? - help, Shift-Dir - straight line, f/p - iguana
Aim: an iguana (almost dead, 100% to hit)
You miscast Magic Dart.
Nothing appears to happen.
The iguana bites you.
You die...

#.##..#####.###
######.##<.........#
#.h..h.##h.......).#
#.####.##.######.#.####.$
#.......#....h..........#
####.#####.########.#.######
#....#8.8#....# #.#.# ###
#h8###.).###8.#####.#.# #..
#..+..._...@l.......#.# #.#
#.8###...###8.#.#####.# #.#
#... #8.8# ....# #.# #.#
##...##### ...## #.####.#
##... #### #.##.... ....
#.##.... ##### #.......
#.##.... #.##....


You could see an iguana.

Vanquished Creatures
  A hound (D:3)
  2 gnolls (D:2)
  3 adders
  2 dart slugs
  3 orcs (D:3)
  4 endoplasms
  8 goblins
  4 hobgoblins
  A quokka (D:1)
  6 ball pythons
  4 bats
  4 frilled lizards
  5 kobolds
  A rat (D:2)
48 creatures vanquished.

Notes
Turn   | Place    | Note
-------+----------+-------------------------------------------
     0 | D:1      | Esekla the Deep Elf Wanderer began the quest for the Orb.
     0 | D:1      | Esekla set off with the following items: a +0 club, a
                  | potion of lignification, a +0 robe, a +0 buckler; and the
                  | following spells available to memorise: Apportation, Blink,
                  | Lesser Beckoning, Magic Dart, Ignite Poison, Vampiric
                  | Draining.
     0 | D:1      | Reached XP level 1. HP: 10/10 MP: 7/7
     2 | D:1      | Learned a level 1 spell: Magic Dart
     4 | D:1      | Learned a level 1 spell: Apportation
   364 | D:4      | Found a radiant altar of Vehumet.
   375 | D:4      | Found an iron altar of Okawaru.
   383 | D:4      | Found a glowing silver altar of Zin.
   460 | D:4      | Became a worshipper of Vehumet
   785 | D:2      | Reached XP level 2. HP: 15/15 MP: 6/9
   833 | D:2      | Found Renulab's Jewellery Shop.
   926 | D:2      | Reached skill level 1 in Conjurations
   995 | D:3      | Identified the +5 rapier of the Hero {heavy, rN+ Dex+3}
  1331 | D:3      | Reached XP level 3. HP: 19/19 MP: 3/11
  1335 | D:3      | Learned a level 3 spell: Vampiric Draining
  1338 | D:3      | Learned a level 2 spell: Blink
  1485 | D:3      | Reached skill level 5 in Spellcasting
  1513 | D:3      | Found a stormy altar of Qazlal.
  1544 | D:3      | Found a hazy altar of Hepliaklqana.
  1546 | D:3      | Found a bloodstained altar of Trog.
  1559 | D:3      | Reached skill level 1 in Dodging
  1565 | D:3      | Reached skill level 1 in Necromancy
  1565 | D:3      | Reached XP level 4. HP: 10/24 MP: 2/13
  1791 | D:2      | Noticed a black bear
  1826 | D:1      | Reached * piety under Vehumet
  1826 | D:1      | Offered knowledge of Freeze by Vehumet.
  1841 | D:1      | Learned a level 1 spell: Freeze
  2302 | D:1      | Learned a level 3 spell: Teleport Other
  2496 | D:2      | Found a faded altar of an unknown god.
  2514 | D:2      | HP: 1/23 [iguana (8)]
  2515 | D:2      | Slain by an iguana

Illustrated notes

Levels and vault maps discovered:
D:1:      sevenhm_arrival_forest_fort_small_3, layout_rooms,
          chequers_serial_rivers_room_b, minmay_misc_feat_five
D:2:      layout_loops_ring, dreamdust_ecumenical_altar_angels_and_demons,
          serial_shops, shop
D:3:      layout_basic, grunt_temple_overflow_open, minmay_misc_feat_iff
D:4:      layout_basic, nicolae_overflow_quartered_altars, serial_shops,
          nicolae_diamond_shop

Skill      XL: |  1  2  3 |
---------------+----------+-----
Conjurations   | 1 |  1.7
Spellcasting   | 5 |  5.8
Dodging        | 1 |  1.5
Necromancy     | 1 |  1.6
Short Blades   | |  0.7
Stealth        | |  1.8
Shields        | |  1.5
Translocations | |  2.8
Invocations    | |  1.0

Action                     |  1- 3 |  4- 6 || total
---------------------------+-------+-------++-------
  Melee: Short sword       |    43 |    37 ||    80
   Cast: Magic Dart        |    33 |    32 ||    65
         Apportation       |    24 |     3 ||    27
         Vampiric Draining |     1 |     6 ||     7
         Blink             |       |     1 ||     1
    Use: Scroll            |     1 |       ||     1
   Stab: Sleeping          |     1 |     1 ||     2
 Armour: Robe              |    21 |     9 ||    30
  Dodge: Dodged            |    27 |    22 ||    49
  Block: Buckler           |     9 |     7 ||    16
